 Seeded DCSS version 0.30.1-4-g462c640d31 (webtiles) character file.

Game seed: 6351066067085065685 (custom seed)

37366 Esekla the Eclecticist (level 13, -25/81 HPs)
             Began as a Deep Elf Necromancer on Aug 18, 2023.
             Was a Priest of Vehumet.
             Annihilated by Rupert
             ... wielding a +3 great mace of holy wrath
              (46 damage)
             ... on level 4 of the Lair of Beasts.
             The game lasted 02:16:03 (16434 turns).

Esekla the Eclecticist (Deep Elf Necromancer)      Turns: 16434, Time: 02:16:04

Health: -25/81     AC: 14    Str:  5    XL:     13   Next: 58%
Magic:  21/34      EV: 17    Int: 28    God:    Vehumet [***...]
Gold:   1026       SH:  6    Dex: 22    Spells: 5/43 levels left

rFire   x . .        s - +5 rapier of the Hero {heavy, rN+ Dex+3}
rCold   . . .        i - +0 buckler
rNeg    + . .        R - +0 troll leather armour
rPois   .            M - +1 helmet
rElec   .            H - +0 cloak
rCorr   .            j - +0 pair of gloves
SInv    .            l - +0 pair of boots {rampage}
Will    +....        A - amulet of magic regeneration
Stlth   ++++         h - ring "Okunuzxu" {rF- AC+4 Int+2 Dex+4}
HPRegen 1.13/turn    S - ring of the Mage {Wiz Archmagi}
MPRegen 0.64/turn

%: rampage, wizardry (x1), archmagi
@: studying Fighting
A: robust 1
a: Renounce Religion


You were on level 4 of the Lair of Beasts.
You worshipped Vehumet.
Vehumet was most pleased with you.
You visited 3 branches of the dungeon, and saw 17 of its levels.
You also visited: Trove and Bailey.

You collected 1740 gold pieces.
You spent 714 gold pieces at shops.

Inventory:

Hand Weapons
 a - a +5 scimitar
 r - a +0 trident
 s - the +5 rapier of the Hero (weapon) {heavy, rN+ Dex+3}
   (You found it on level 3 of the Dungeon)

   Dex:       It affects your dexterity (+3).
   rN:        It protects you from negative energy.
Missiles
 u - 48 poisoned darts
 I - 3 curare-tipped darts
 N - 10 boomerangs (quivered)
Armour
 i - a +0 buckler (worn)
 j - a +0 pair of gloves (worn)
 l - a +0 pair of boots of rampaging (worn)
 H - a +0 cloak (worn)
 M - a +1 helmet (worn)
 R - a +0 troll leather armour (worn)
Magical Staves
 f - a staff of fire
Jewellery
 h - the ring "Okunuzxu" (left hand) {rF- AC+4 Int+2 Dex+4}
   (You acquired it on level 12 of the Dungeon)

   [ring of protection]

   AC:        It affects your AC (+4).
   Int:       It affects your intelligence (+2).
   Dex:       It affects your dexterity (+4).
   rF:        It makes you vulnerable to fire.
 p - the ring of Akemeir {Fire Str+4}
   (You found it in a treasure trove)

   [ring of fire]

   It enhances your fire magic.
   Str:       It affects your strength (+4).
   rF:        It protects you from fire.
   rC:        It makes you vulnerable to cold.
 A - an amulet of magic regeneration (around neck)
 S - the ring of the Mage (right hand) {Wiz Archmagi}
   (You bought it in a shop on level 2 of the Dungeon)

   [ring of wizardry]

   It improves your spell success rate.
   Archmagi:  It increases the power of your magical spells.
 T - an amulet of reflection
 V - a ring of ice
 X - the ring of Descent {rPois rC+ Int+5 Stlth-}
   (You found it in a treasure trove)

   [ring of protection from cold]

   Int:       It affects your intelligence (+5).
   rC:        It protects you from cold.
   rPois:     It protects you from poison.
   Stlth:     It makes you less stealthy.
Wands
 C - a wand of flame (14)
 D - a wand of roots (29)
 G - a wand of mindburst (5)
 W - a wand of digging (16)
Scrolls
 c - 2 scrolls of acquirement
 e - 3 scrolls of fear
 n - a scroll of identify
 o - 2 scrolls of enchant armour
 q - 3 scrolls of fog
 t - 4 scrolls of blinking
 w - 4 scrolls of enchant weapon
 x - 2 scrolls of silence
 y - a scroll of amnesia
 z - a scroll of magic mapping
 E - 5 scrolls of teleportation
 F - 2 scrolls of poison
Potions
 b - 3 potions of magic
 d - 3 potions of ambrosia
 g - 8 potions of curing
 k - 8 potions of attraction
 m - a potion of cancellation
 v - 4 potions of brilliance
 B - 3 potions of lignification
 J - 4 potions of heal wounds
 K - 2 potions of might
 O - 4 potions of haste
 Q - 3 potions of flight


   Skills:
 * Level 6.2 Fighting
 + Level 4.5(5.1) Short Blades
 + Level 3.0(4.0) Long Blades
 + Level 2.5 Throwing
 * Level 3.5 Armour
 * Level 10.4 Dodging
 + Level 8.0 Stealth
 - Level 3.3 Shields
 * Level 15.5 Spellcasting
 + Level 5.5 Conjurations
 + Level 11.8 Necromancy
 + Level 5.4 Translocations
 + Level 3.3 Transmutations
 + Level 5.7 Fire Magic
 * Level 3.2 Ice Magic
 * Level 3.8 Air Magic
 + Level 3.3 Poison Magic
 + Level 0.3 Evocations


You had 5 spell levels left.
You knew the following spells:

 Your Spells              Type           Power      Damage    Failure   Level
a - Magic Dart            Conj           100%       1d8       1%          1
b - Iskenderun's Mystic   Conj/Tloc      68%        2d14      1%          4
c - Mephitic Cloud        Conj/Pois/Air  62%        N/A       1%          3
d - Vampiric Draining     Necr           93%        2d12      1%          3
f - Fireball              Conj/Fire      34%        3d14      2%          5
g - Necrotise             Necr           100%       1d9       1%          1
n - Ignite Poison         Fire/Tmut/Pois 61%        N/A       1%          3
o - Scorch                Fire           100%       2d9       1%          2
t - Teleport Other        Tloc           67%        N/A       1%          3
v - Poisonous Vapours     Pois/Air       100%       N/A       1%          2
w - Wereblood             Tmut           57%        N/A       1%          2
y - Sticky Flame          Conj/Fire      69%        2d8       1%          4
z - Freezing Cloud        Conj/Ice/Air   31%        6-21      3%          5

Your spell library contained the following spells:

 Spells                   Type           Power      Damage    Failure   Level
 Foxfire                  Conj/Fire      100%       2x1d9     1%          1
 Lesser Beckoning         Tloc           100%       N/A       1%          2
 Momentum Strike          Conj/Tloc      100%       3d10      1%          2
 Sublimation of Blood     Necr           93%        N/A       1%          2
 Gell's Gravitas          Tloc           67%        N/A       1%          3
 Hailstorm                Conj/Ice       62%        3d13      1%          3
 Spider Form              Tmut/Pois      57%        N/A       1%          3
 Animate Dead             Necr           93%        N/A       1%          4
 Agony                    Necr           93%        N/A       1%          5
 Fulminant Prism          Conj/Hex       27%        3d14      2%          4
 Manifold Assault         Tloc           67%        N/A       2%          4
 Passage of Golubria      Tloc           67%        N/A       2%          4
 Cause Fear               Hex            16%        N/A       26%         4
 Silence                  Hex/Air        24%        N/A       32%         5
 Summon Mana Viper        Hex/Summ       32%        N/A       54%         5
 Starburst                Conj/Fire      34%        6d10      11%         6
 Plasma Beam              Fire/Air       32%        2x1d49    14%         6
 Dispersal                Tloc           33%        N/A       38%         6
 Ignition                 Fire           34%        3d11      95%         8
 Summon Hydra             Summ           16%        N/A       100%        7
 Disjunction              Tloc           33%        N/A       100%        8
 Lehudib's Crystal Spear  Conj/Erth      27%        10d7      100%        8


Dungeon Overview and Level Annotations

Branches:
Dungeon (12/15)            Temple (0/1) D:6            Lair (4/5) D:11
 Shoals (0/4) Lair:2       Spider (0/4) Lair:3          Orc (1/2) D:10
 Bailey (visited)
  Slime: Lair:4-5

Altars:
Dithmenos
Fedhas
Hepliaklqana
Nemelex Xobeh
Okawaru
Qazlal
Ru
Trog
Uskayaw
Vehumet
Zin
The Shining One

Shops:
D:2 =   D:4 (   D:11 *

Annotations:
D:10 gargoyle & earth elemental
Lair:4 Rupert


Innate Abilities, Weirdness & Mutations

You are robust. (+10% HP)


Message History

Rupert looks as sick as possible!
Rupert rages.
Rupert is engulfed in noxious fumes.
Rupert appears confused.
Casting: Poisonous Vapours (safe; 1% risk of failure)
Confirm with . or Enter, or press ? or * to list all spells.
Okay, then.
You rampage towards Rupert!
You hit Rupert but do no damage.
Rupert is lightly wounded.
Rupert is engulfed in noxious fumes.
Rupert misses you.
Casting: Poisonous Vapours (safe; 1% risk of failure)
Confirm with . or Enter, or press ? or * to list all spells.
You feel a surge of power!
You ignite the poison in your surroundings!
Rupert seems to burn from within!!!
Rupert is heavily wounded.
Rupert hits you with a +3 great mace of holy wrath!
Casting: Ignite Poison (safe; 1% risk of failure)
Confirm with . or Enter, or press ? or * to list all spells.
Aiming: Sticky Flame (mildly dangerous; 1% risk of failure)
Press: ? - help, Shift-Dir - straight line, f/p - Rupert
Aim: Rupert, wielding a +3 great mace of holy wrath and wearing a +0 ring mail (heavily wounded, berserk, confused)
You feel a surge of power!
The sticky flame hits Rupert!
Rupert is heavily wounded.
Rupert is covered in liquid flames!
Rupert burns!
Casting: Sticky Flame (mildly dangerous; 1% risk of failure)
Confirm with . or Enter, or press ? or * to list all spells.
Aiming: Vampiric Draining (safe; 1% risk of failure)
Press: ? - help, Shift-Dir - straight line, f/p - Rupert
Aim: Rupert, wielding a +3 great mace of holy wrath and wearing a +0 ring mail (heavily wounded, berserk, confused, covered in liquid flames)
You feel a surge of power!
You draw life force from Rupert!
You feel life coursing into your body.
Rupert seems less confused.
Rupert burns!
Rupert closely misses you.
You puncture Rupert!
Rupert is severely wounded.
Rupert burns!
Rupert hits you with a +3 great mace of holy wrath!! x2
* * * LOW HITPOINT WARNING * * *
Rupert hits you with a +3 great mace of holy wrath!!!
Ouch! That really hurt!
You die...

P###...## #..........# #..#
.......# ##..........# #..#
##....## #..........## ##..##
##....#####......#....# #P...#
#......#.#......#....####....#
...............###..## #...###
...####.......#.....#####..#
..## ##......##.....##..<.# ###
###.......#.@..#####...# #
#......#..°.§@.# ###..##
###....P.#..°...P# #....##
##......P#..#°.§...###..#.#
##......#####.°.☼........###
........P# ...☼..........#
.......####....####......######
.....### #....# ###.......##.#
.....####....#
##P.........P.###


You could see Rupert (berserk, burning).

Vanquished Creatures
  Harold (D:9)
  2 hydras (Lair:3)
  2 boulder beetles (Lair:2)
  3 two-headed ogres
  Lodul (D:11)
  Pikel (D:6)
  An ugly thing (D:12)
  3 orc knights
  4 cyclopes
  Joseph (D:7)
  A merfolk siren (Lair:2)
  2 black mambas
  A torpor snail (Lair:2)
  A gargoyle (D:11)
  6 cane toads
  Psyche (D:11)
  2 rime drakes
  10 komodo dragons
  A kobold demonologist (D:9)
  2 merfolk (Lair:2)
  A polar bear (D:11)
  6 trolls
  2 hornets (Lair:3)
  5 blink frogs (Lair:1)
  11 spriggans (Lair:3)
  4 centaur simulacra (D:11)
  25 yaks
  A vampire (D:12)
  A culicivora (Lair:3)
  A wraith (D:12)
  3 basilisks
  2 steam dragons
  5 wyverns
  Menkaure (D:7)
  6 ice beasts
  8 water moccasins
  A sky beast (D:6)
  11 orc warriors
  2 black bears
  10 ogres
  2 centaurs
  3 boggarts (Lair:3)
  12 wolves
  A phantom (D:7)
  Blork the orc (D:6)
  4 kobold brigands
  4 gnoll sergeants
  10 bullfrogs
  3 scorpions
  10 wights
  21 killer bees
  2 howler monkeys (D:10)
  An electric eel (D:11)
  2 quasits (D:8)
  A gnoll bouda (D:4)
  6 hounds
  A jelly (D:6)
  Crazy Yiuf (D:7)
  8 orc priests
  A sleepcap (D:5)
  5 iguanas
  7 hell rats (Lair:2)
  12 orc wizards
  27 gnolls
  9 adders
  3 shadow imps
  9 white imps
  4 ufetubi
  A worm (D:4)
  3 dart slugs
  57 orcs
  6 ball pythons
  4 endoplasms
  9 goblins
  7 hobgoblins
  A quokka (D:1)
  4 bats
  4 frilled lizards
  20 kobolds
  A rat (D:2)
439 creatures vanquished.

Vanquished Creatures (collateral kills)
  A hornet (Lair:3)
  A spriggan (Lair:3)
2 creatures vanquished.

Grand Total: 441 creatures vanquished

Notes
Turn   | Place    | Note
-------+----------+-------------------------------------------
     0 | D:1      | Esekla the Deep Elf Necromancer began the quest for the
                  | Orb.
     0 | D:1      | Reached XP level 1. HP: 10/10 MP: 6/6
   375 | D:4      | Found an iron altar of Okawaru.
   387 | D:4      | Found a glowing silver altar of Zin.
   466 | D:4      | Found a radiant altar of Vehumet.
   521 | D:4      | Reached skill level 5 in Necromancy
   663 | D:3      | Reached XP level 2. HP: 15/15 MP: 8/8
   713 | D:3      | Identified the +5 rapier of the Hero {heavy, rN+ Dex+3}
   728 | D:2      | Found Renulab's Jewellery Shop.
  1154 | D:2      | Reached XP level 3. HP: 19/19 MP: 9/9
  1276 | D:2      | Noticed a black bear
  1557 | D:1      | Learned a level 3 spell: Vampiric Draining
  1712 | D:2      | Reached skill level 1 in Short Blades
  1712 | D:2      | Reached XP level 4. HP: 24/24 MP: 11/11
  1883 | D:2      | Found a faded altar of an unknown god.
  2078 | D:2      | Killed a black bear
  2079 | D:2      | Reached skill level 4 in Spellcasting
  2079 | D:2      | Reached XP level 5. HP: 28/28 MP: 11/13
  2180 | D:3      | Found a stormy altar of Qazlal.
  2229 | D:3      | Found a hazy altar of Hepliaklqana.
  2231 | D:3      | Found a bloodstained altar of Trog.
  2400 | D:4      | Found Ponaysk's Antique Weapon Boutique.
  2544 | D:4      | Found a glowing golden altar of the Shining One.
  2596 | D:3      | Reached XP level 6. HP: 32/32 MP: 10/14
  3360 | D:4      | Learned a level 3 spell: Teleport Other
  3375 | D:4      | Became a worshipper of Vehumet
  3527 | D:5      | Entered Level 5 of the Dungeon
  3535 | D:5      | Got the Parchment of the Lumpy Olives
  3551 | D:5      | Found a shadowy altar of Dithmenos.
  3585 | D:5      | Reached skill level 5 in Spellcasting
  3732 | D:5      | Reached skill level 1 in Translocations
  3732 | D:5      | Reached XP level 7. HP: 33/36 MP: 15/17
  4039 | D:5      | Reached * piety under Vehumet
  4039 | D:5      | Offered knowledge of Magic Dart by Vehumet.
  4043 | D:5      | Learned a level 1 spell: Magic Dart
  4279 | D:6      | Noticed Blork the orc
  4317 | D:6      | Reached skill level 5 in Dodging
  4317 | D:6      | Reached skill level 6 in Spellcasting
  4414 | D:6      | Reached skill level 5 in Stealth
  4414 | D:6      | Reached XP level 8. HP: 41/41 MP: 11/19
  4477 | D:6      | Noticed Pikel
  4614 | D:6      | Found a staircase to the Ecumenical Temple.
  4678 | D:6      | Killed Blork the orc
  4679 | D:6      | Reached skill level 1 in Conjurations
  4795 | D:6      | Killed Pikel
  4796 | D:6      | Reached skill level 7 in Spellcasting
  5082 | D:6      | Found a blossoming altar of Fedhas.
  5090 | D:6      | Reached skill level 1 in Throwing
  5231 | D:7      | Reached XP level 9. HP: 26/45 MP: 22/22
  5328 | D:7      | Noticed Menkaure
  5335 | D:7      | Killed Menkaure
  5336 | D:7      | Reached skill level 8 in Spellcasting
  5495 | D:7      | Found a runed translucent door.
  5496 | D:7      | Noticed Crazy Yiuf
  5503 | D:7      | Killed Crazy Yiuf
  5877 | D:7      | Noticed Joseph
  6055 | D:7      | Reached ** piety under Vehumet
  6055 | D:7      | Offered knowledge of Momentum Strike by Vehumet.
  6086 | D:8      | Reached skill level 9 in Spellcasting
  6286 | D:7      | Learned a level 2 spell: Momentum Strike
  6577 | D:8      | Found a hide-covered altar of Uskayaw.
  6598 | D:8      | Noticed a two-headed ogre
  6655 | D:7      | Killed Joseph
  6656 | D:7      | Reached skill level 10 in Spellcasting
  6803 | D:7      | Offered knowledge of Scorch by Vehumet.
  6807 | D:7      | Learned a level 2 spell: Scorch
  6998 | D:8      | Found a transporter.
  6998 | D:8      | Found a transporter.
  7002 | D:8      | Found a transporter.
  7002 | D:8      | Found a transporter.
  7390 | D:9      | Found a flagged portal.
  7447 | Bailey   | Entered a bailey
  7470 | Bailey   | Reached XP level 10. HP: 50/50 MP: 25/26
  7512 | Bailey   | Reached *** piety under Vehumet
  7582 | Bailey   | Noticed an orc knight
  7582 | Bailey   | Noticed an orc knight
  7709 | Bailey   | Killed an orc knight
  7710 | Bailey   | Reached skill level 11 in Spellcasting
  7710 | Bailey   | Reached skill level 10 in Necromancy
  7710 | Bailey   | Reached skill level 1 in Fire Magic
  7844 | Bailey   | Killed an orc knight
  7873 | Bailey   | Identified the +2 bardiche of Puhoisos {heavy, rElec
                  | Stlth+}
  8135 | D:8      | Killed a two-headed ogre
  8136 | D:8      | Reached skill level 1 in Long Blades
  8330 | D:9      | Reached skill level 1 in Fighting
  8411 | D:9      | Noticed a two-headed ogre
  8447 | D:9      | Killed a two-headed ogre
  8448 | D:9      | Reached skill level 1 in Shields
  8613 | D:9      | Found a sparkling altar of Nemelex Xobeh.
  8683 | D:9      | Noticed Harold
  8761 | D:9      | Offered knowledge of Fulminant Prism by Vehumet.
  8828 | D:9      | Reached skill level 12 in Spellcasting
  8861 | D:9      | Noticed a cyclops
  8872 | D:9      | Killed a cyclops
  8873 | D:9      | Reached XP level 11. HP: 57/57 MP: 29/29
  8881 | D:9      | Learned a level 4 spell: Fulminant Prism
  9039 | D:9      | Reached **** piety under Vehumet
  9255 | D:9      | Killed Harold
  9335 | D:10     | Entered Level 10 of the Dungeon
  9368 | D:10     | Offered knowledge of Iskenderun's Mystic Blast by Vehumet.
  9446 | D:9      | Learned a level 4 spell: Iskenderun's Mystic Blast
  9676 | D:10     | Reached skill level 13 in Spellcasting
  9722 | D:10     | Reached ***** piety under Vehumet
  9777 | D:10     | Found a staircase to the Orcish Mines.
  9791 | Orc:1    | Entered Level 1 of the Orcish Mines
  9796 | Orc:1    | Noticed an orc knight
  9804 | D:10     | Offered knowledge of Sticky Flame by Vehumet.
  9811 | D:10     | Learned a level 4 spell: Sticky Flame
  9837 | D:10     | Killed an orc knight
 10157 | D:10     | Found a sacrificial altar of Ru.
 10417 | D:2      | Bought the ring of the Mage {Wiz Archmagi} for 714 gold
                  | pieces
 10417 | D:2      | Found the ring of the Mage {Wiz Archmagi}
 10994 | D:11     | Reached skill level 1 in Armour
 11296 | D:11     | Got Simple Magic
 11338 | D:11     | Noticed Psyche
 11341 | D:11     | Noticed a two-headed ogre
 11350 | D:11     | Killed Psyche
 11354 | D:11     | Killed a two-headed ogre
 11355 | D:11     | Reached skill level 5 in Fire Magic
 11551 | D:11     | Reached skill level 5 in Translocations
 11551 | D:11     | Reached XP level 12. HP: 21/66 MP: 24/31
 11624 | D:12     | Learned a level 2 spell: Wereblood
 11682 | D:12     | Reached skill level 14 in Spellcasting
 11908 | D:12     | Learned a level 5 spell: Fireball
 12052 | D:12     | Learned a level 3 spell: Mephitic Cloud
 12058 | D:12     | Learned a level 5 spell: Freezing Cloud
 12063 | D:12     | Learned a level 2 spell: Poisonous Vapours
 12098 | D:12     | Found a portal to a secret trove of treasure.
 12483 | D:11     | Found a staircase to the Lair.
 12512 | D:11     | Reached skill level 1 in Poison Magic
 12520 | D:11     | Reached skill level 1 in Ice Magic
 12524 | D:11     | Found Fagafuf's Pet Rocks.
 12570 | D:11     | Reached skill level 1 in Transmutations
 12605 | D:11     | Noticed Lodul
 12636 | D:11     | Killed Lodul
 12810 | D:11     | Gained mutation: You have sharp toenails. [potion of
                  | mutation]
 12810 | D:11     | Lost mutation: You have sharp toenails. [potion of
                  | mutation]
 12810 | D:11     | Gained mutation: You are robust. (+10% HP) [potion of
                  | mutation]
 12885 | D:12     | Acquired the ring "Okunuzxu" {rF- AC+4 Int+2 Dex+4}
 12889 | Trove    | Entered a treasure trove
 12898 | Trove    | Identified the ring of Akemeir {Fire Str+4}
 12909 | Trove    | Identified the ring of Descent {rPois rC+ Int+5 Stlth-}
 12915 | Trove    | Identified the +3 ring mail "Poady" {+Inv rF+ Dex+2 Slay-4}
 12977 | Lair:1   | Entered Level 1 of the Lair of Beasts
 12984 | Lair:1   | Reached skill level 1 in Air Magic
 13493 | Lair:1   | Reached skill level 5 in Conjurations
 13623 | Lair:1   | Reached skill level 5 in Fighting
 13844 | Lair:2   | Found a transporter.
 13844 | Lair:2   | Found a transporter.
 13845 | Lair:2   | Noticed a boulder beetle
 13845 | Lair:2   | Noticed a boulder beetle
 14445 | Lair:2   | Found a staircase to the Shoals.
 14450 | Lair:2   | Reached XP level 13. HP: 79/79 MP: 27/33
 14673 | Lair:2   | Reached skill level 15 in Spellcasting
 14959 | Lair:3   | Found a hole to the Spider Nest.
 15086 | Lair:3   | Identified the +3 leather armour of Okawaru's Inspiration
                  | {Str+4}
 15300 | Lair:3   | Reached skill level 10 in Dodging
 15684 | Lair:4   | Learned a level 3 spell: Ignite Poison
 16062 | Lair:4   | Noticed Rupert
 16434 | Lair:4   | Annihilated by Rupert

Illustrated notes

Levels and vault maps discovered:
D:1:      sevenhm_arrival_forest_fort_small_3, layout_rooms,
          chequers_serial_rivers_room_b, minmay_misc_feat_five
D:2:      layout_loops_ring, dreamdust_ecumenical_altar_angels_and_demons,
          serial_shops, shop
D:3:      layout_basic, grunt_temple_overflow_open, minmay_misc_feat_iff
D:4:      layout_basic, nicolae_overflow_quartered_altars, serial_shops,
          nicolae_diamond_shop
D:5:      layout_loops_ring, lemuel_doored_altar, minmay_misc_feat_rows,
          dreamdust_wishing_well
D:6:      layout_loops_cross, fedhas_altar_fruit_tree,
          minmay_temple_entry_glass, uniq_pikel, uniq_blork_the_orc
D:7:      layout_basic, uniq_menkaure, uniq_joseph, uniq_crazy_yiuf_cottage
D:8:      layout_basic, nicolae_uskayaw_dance_hall, serial_demonic,
          serial_demonic_d, serial_demonic_a, serial_demonic_c,
          serial_demonic_c, nicolae_diode_quadrants
D:9:      layout_irregular_city, kennysheep_little_box, enter_bailey_4,
          minmay_between, uniq_harold
D:10:     layout_basic, nicolae_ru_awakened_eye
D:11:     layout_rooms, hellmonk_lair_entry_icy, serial_ice, serial_ice_j,
          serial_ice_m, serial_ice_o, serial_ice_c, serial_ice_g, serial_ice_f,
          guppyfry_shop_earth, uniq_psyche, uniq_lodul
D:12:     layout_roguey, nicolae_trove_entry_crossroad
Lair:1:   layout_small_grid
Lair:2:   gammafunk_boulding_lane, layout_small_grid, elwin_shoals_entry_rooms
Lair:3:   kb_forest_paths, layout_chaotic_city, spider_nest_entry_rubble
Lair:4:   layout_hall_layers, grunt_megastairs_3, lemuel_fruit_fields,
          uniq_rupert
Orc:1:    layout_caves

Skill      XL: |  1  2  3  4  5  6  7  8  9 10 11 12 13 |
---------------+----------------------------------------+-----
Necromancy     | 5 6 7 8 9 10 11 | 11.8
Dodging        | 3 4 5 6 7 8 9 10 | 10.4
Stealth        | 3 4 5 6 7 8 |  8.0
Short Blades   | 1 2 3 4 |  4.5
Spellcasting   | 4 5 6 7 10 12 13 14 15 | 15.5
Translocations | 1 2 3 4 5 |  5.4
Conjurations   | 2 3 4 5 |  5.5
Throwing       | 1 2 |  2.5
Fire Magic     | 3 5 |  5.7
Long Blades    | 1 2 3 |  3.0
Fighting       | 2 4 5 6 |  6.2
Shields        | 1 2 3 |  3.3
Armour         | 1 2 3 |  3.5
Poison Magic   | 2 3 |  3.3
Ice Magic      | 2 3 |  3.2
Transmutations | 3 |  3.3
Air Magic      | 2 3 |  3.8
Evocations     | |  0.3

Action                     |  1- 3 |  4- 6 |  7- 9 | 10-12 | 13-15 || total
---------------------------+-------+-------+-------+-------+-------++-------
  Melee: Short sword       |    33 |       |       |       |       ||    33
         Unarmed           |     9 |       |       |       |       ||     9
         Rapier            |    57 |    52 |   170 |    23 |    27 ||   329
         Punch             |       |       |     2 |       |       ||     2
         Scimitar          |       |       |     2 |   148 |    35 ||   185
  Throw: Dart              |       |    10 |    19 |    48 |       ||    77
         Boomerang         |       |       |       |     9 |       ||     9
   Cast: Vampiric Draining |       |    23 |    81 |   154 |     9 ||   267
         Teleport Other    |       |       |     4 |       |       ||     4
         Scorch            |       |       |     5 |   107 |       ||   112
         Momentum Strike   |       |       |       |     1 |       ||     1
         Sticky Flame      |       |       |       |    41 |    14 ||    55
         Iskenderun's Myst |       |       |       |     9 |       ||     9
         Poisonous Vapours |       |       |       |    37 |    30 ||    67
         Freezing Cloud    |       |       |       |    13 |     7 ||    20
         Wereblood         |       |       |       |     5 |     3 ||     8
         Mephitic Cloud    |       |       |       |     2 |     7 ||     9
         Fireball          |       |       |       |     2 |       ||     2
         Ignite Poison     |       |       |       |       |     7 ||     7
  Evoke: Wand              |       |       |    19 |     2 |       ||    21
    Use: Potion            |       |       |     2 |     3 |       ||     5
         Scroll            |       |       |       |    24 |     1 ||    25
   Stab: Sleeping          |     5 |     4 |    11 |    15 |     9 ||    44
         Distracted        |       |       |     1 |       |       ||     1
         Confused          |       |       |       |       |     4 ||     4
 Armour: Robe              |    44 |     8 |    64 |    57 |       ||   173
         Troll leather arm |       |       |       |    23 |    14 ||    37
  Dodge: Dodged            |    92 |    59 |   251 |   307 |    41 ||   750
  Block: Buckler           |       |       |       |    69 |    21 ||    90
